 Dungeon Crawl Stone Soup version 0.19.1 (webtiles) character file.

287 empire the Ruffian (level 6, -4/62 HPs)
             Began as a Troll Berserker on Dec 7, 2016.
             Was a Believer of Trog.
             Slain by a gnoll
             ... wielding a +0 spear
              (6 damage)
             ... on level 3 of the Dungeon.
             The game lasted 00:06:15 (1524 turns).

empire the Ruffian (Troll Berserker)                Turns: 1524, Time: 00:06:16

Health: -4/62      AC:  6    Str: 26    XL:     6   Next: 8%
Magic:  5/5        EV: 11    Int:  3    God:    Trog [**....]
Gold:   115        SH:  0    Dex: 11    Spells: 0 memorised, 5 levels left

rFire  . . .     SeeInvis .       - Unarmed
rCold  . . .     Gourm    +     a - +0 animal skin
rNeg   + . .     Faith    .     (no shield)
rPois  .         Spirit   .     (helmet restricted)
rElec  .         Reflect  .     c - +0 cloak
rCorr  .         Harm     .     (gloves unavailable)
MR     .....                    (boots unavailable)
Stlth  +.........               (no amulet)
                                (no ring)
                                j - ring of positive energy

@: no status effects
A: unfitting armour, claws 3, fast metabolism 3, gourmand, regeneration 1,
shaggy fur 1, tough skin 2
a: Berserk, Trog's Hand, Burn Spellbooks, Renounce Religion


You were on level 3 of the Dungeon.
You worshipped Trog.
Trog was pleased with you.
You were full.

You visited 1 branch of the dungeon, and saw 3 of its levels.

You collected 115 gold pieces.

Inventory:

Hand Weapons
 b - a +2 vampiric dagger
Missiles
 i - 14 bolts
Armour
 a - a +0 animal skin (worn)
 c - a +0 cloak (worn)
Jewellery
 j - a ring of positive energy (left claw)
Wands
 h - a wand of flame (20/48)
Scrolls
 d - 3 scrolls of identify
 l - a scroll of magic mapping {unknown}
 m - a scroll of amnesia {unknown}
Potions
 g - a potion of cancellation
 k - 2 potions of degeneration {unknown}
Comestibles
 e - 5 bread rations
 f - 2 meat rations
 n - 10 chunks of flesh


   Skills:
 + Level 3.8 Fighting
 + Level 3.7 Dodging
 + Level 4.6 Unarmed Combat


You had 5 spell levels left.
You didn't know any spells.

Dungeon Overview and Level Annotations

Branches:
Dungeon (3/15)

Altars:


Innate Abilities, Weirdness & Mutations

You are too large for most types of armour.
You have claws for hands.
Your metabolism is lightning-fast.
You like to eat raw meat.
Your natural rate of healing is unusually fast.
You are covered in fur. (AC +1)
You have very tough skin. (AC +2)


Message History

The ogre is almost dead.
The gnoll barely misses you. The ogre hits you with a giant club!!
Ouch! That really hurt!
* * * LOW HITPOINT WARNING * * *
You claw the ogre!
You kill the ogre!
Trog accepts your kill.
You have reached level 6!
Your experience leads to an increase in your attributes!
Increase (S)trength, (I)ntelligence, or (D)exterity?
You feel agile.
You feel stronger. The gnoll completely misses you.
The gnoll hits you but does no damage.
Things that are here:
a spear; a gnoll corpse You barely miss the gnoll.
The gnoll barely misses you.
You closely miss the gnoll. The gnoll hits you with a spear.
* * * LOW HITPOINT WARNING * * *
You barely miss the gnoll. The gnoll hits you with a spear.
You die...

### #............ ..##
#............ .
..###............
#.#####..##............
##...........(.........
....#.....###........
.................g# ##
...............)@.###..♣
.......))..)..(÷)...(..≈
........)....##.........
....)%.......##.).......
...<.........###........
.....).......# #........
...........### ....##...
####.##....####....# ...
###.##............## #.


You could see a gnoll.

Vanquished Creatures
  An ogre (D:3)
  A hound (D:3)
  An orc priest (D:3)
  6 gnolls (D:3)
  2 adders (D:2)
  An ooze (D:1)
  2 worms (D:2)
  A dart slug (D:3)
  A leopard gecko (D:3)
  3 orcs (D:3)
  4 bats
  8 hobgoblins
  7 jackals
  A ball python (D:1)
  2 frilled lizards (D:2)
  5 goblins
  7 kobolds
  5 rats
58 creatures vanquished.

Notes
Turn   | Place    | Note
-------+----------+-------------------------------------------
     0 | D:1      | empire the Troll Berserker began the quest for the Orb.
     0 | D:1      | Reached XP level 1. HP: 22/22 MP: 0/0
   173 | D:1      | Reached XP level 2. HP: 27/29 MP: 1/1
   563 | D:2      | Reached ** piety under Trog
   642 | D:2      | Reached XP level 3. HP: 18/36 MP: 2/2
  1110 | D:2      | Reached XP level 4. HP: 45/45 MP: 3/3
  1396 | D:3      | Reached skill level 4 in Unarmed Combat
  1456 | D:3      | Reached XP level 5. HP: 53/53 MP: 4/4
  1508 | D:3      | Noticed an ogre
  1520 | D:3      | Killed an ogre
  1520 | D:3      | Reached XP level 6. HP: 3/62 MP: 5/5
  1523 | D:3      | HP: 1/62 [gnoll/spear (4)]
  1524 | D:3      | Slain by a gnoll

Skill      XL: |  1  2  3  4 |
---------------+-------------+-----
Fighting       | 3 |  3.8
Dodging        | 3 |  3.7
Unarmed Combat | 4 |  4.6

Action                   |  1- 3 |  4- 6 || total
-------------------------+-------+-------++-------
Melee: Unarmed           |   102 |    49 ||   151
       Dagger            |    19 |       ||    19
       Punch             |       |     1 ||     1
  Use: Scroll            |     6 |       ||     6
  Eat: Chunk             |    16 |     5 ||    21
Armor: Animal skin       |    86 |     8 ||    94
Dodge: Dodged            |   115 |    35 ||   150
